 Dungeon Crawl Stone Soup version 0.25.0-46-gbd7b0854d2 (webtiles) character file.

Game seed: 10630540969622257468

59 Ethylacetat the Gusty (level 4, -3/27 HPs)
             Began as an Octopode Air Elementalist on July 15, 2020.
             Slain by a water moccasin (5 damage)
             ... on level 3 of the Dungeon.
             The game lasted 00:03:07 (2034 turns).

Ethylacetat the Gusty (Octopode Air Elementalist)   Turns: 2034, Time: 00:03:07

Health: -3/27      AC:  1    Str:  7    XL:     4   Next: 3%
Magic:  1/7        EV: 13    Int: 18    God:
Gold:   54         SH:  0    Dex: 12    Spells: 6/7 levels left

rFire    . . .     SeeInvis .   l - +2 dagger (venom)
rCold    . . .     Gourm    .   (no shield)
rNeg     . . .     Faith    .   (helmet restricted)
rPois    .         Spirit   .   (no amulet)
rElec    .         Reflect  .   i - ring of stealth
rCorr    .         Harm     .   (no ring)
MR       .....                  (no ring)
Stlth    ++++......             (no ring)
HPRegen  0.09/turn              (no ring)
MPRegen  0.10/turn              (no ring)
                                (no ring)
                                (no ring)

@: very slightly contaminated
A: almost no armour, stealthy swim, amphibious, 8 rings, constrict 8, camouflage
1, gelatinous body 1
a: no special abilities


You were on level 3 of the Dungeon.
You were not hungry.

You visited 1 branch of the dungeon, and saw 3 of its levels.

You collected 54 gold pieces.

Inventory:

Hand Weapons
 l - a +2 dagger of venom (weapon)
Jewellery
 i - a ring of stealth (left tentacle)
Scrolls
 a - a scroll of enchant weapon {unknown}
 c - 3 scrolls of amnesia {unknown}
 d - a scroll of identify {unknown}
 j - a scroll of fear {unknown}
 m - a scroll of blinking {unknown}
Potions
 e - a potion of curing
 f - a potion of degeneration {unknown}
 h - a potion of haste {unknown}
 k - 2 potions of flight {unknown}
Comestibles
 b - 3 rations
 g - 7 chunks of flesh


   Skills:
 - Level 2.0 Dodging
 - Level 2.6 Stealth
 + Level 2.4 Spellcasting
 * Level 1.5 Conjurations
 * Level 4.3 Air Magic


You had 6 spell levels left.
You knew the following spells:

 Your Spells              Type           Power        Failure   Level  Hunger
a - Shock                 Conj/Air       ##..         5%          1    #......

Your spell library contained the following spells:

 Spells                   Type           Power        Failure   Level  Hunger
 Swiftness                Chrm/Air       #.......     11%         2    ##.....
 Static Discharge         Conj/Air       ##......     16%         3    ###....
 Airstrike                Air            ###.......   28%         4    #####..
 Lightning Bolt           Conj/Air       ##........   82%         5    ######.


Dungeon Overview and Level Annotations

Branches:
Dungeon (3/15)

Altars:
Makhleb


Innate Abilities, Weirdness & Mutations

You cannot wear most types of armour.
You are very stealthy in the water. (Stealth+)
You are amphibious.
You can wear up to eight rings at the same time.
You can use your tentacles to constrict eight enemies at once.
Your skin changes colour to match your surroundings (Stealth+).
Your rubbery body absorbs attacks. (AC +1, EV +1)


Message History

You feel sick. The water moccasin bites you.
* * * LOW HITPOINT WARNING * * *
You are more poisoned.
The water moccasin poisons you!
It was a potion of curing.
You feel better. The water moccasin closely misses you.
You hit the water moccasin.
The water moccasin is poisoned.
Your grab misses the water moccasin.
The water moccasin is heavily wounded.
The water moccasin bites you.
You are lethally poisoned!
The water moccasin poisons you! The water moccasin bites you!
* * * LOW HITPOINT WARNING * * *
You feel better. The water moccasin bites you.
You closely miss the water moccasin. Your grab misses the water moccasin.
The water moccasin is heavily wounded.
The water moccasin bites you!
* * * LOW HITPOINT WARNING * * *
The water moccasin bites you.
You die...

#....## .#.....#####
.#.........# .#
.....#.###.# .#
#..#.#.# #.# .#
#......###.### .#
..##.###.....# .#
.............#####.##
.....###.<......@...#
...### #.....####S#.#
...# #.....# #.#
...#######.### #.#
...........# #.#
#÷.######### ...
#.÷######... ...
#..)......# ...
#.######### ##.##


You could see a water moccasin (very poisoned).

Vanquished Creatures
  3 adders
  A leopard gecko (D:1)
  An orc (D:3)
  2 giant cockroaches (D:3)
  5 goblins
  4 jackals (D:3)
  A quokka (D:3)
  3 bats
  2 frilled lizards
  4 kobolds
  A leopard gecko skeleton (D:2)
  4 rats
31 creatures vanquished.

Notes
Turn   | Place    | Note
-------+----------+-------------------------------------------
     0 | D:1      | Ethylacetat the Octopode Air Elementalist began the quest
                  | for the Orb.
     0 | D:1      | Reached XP level 1. HP: 11/11 MP: 3/3
   381 | D:1      | Reached XP level 2. HP: 17/17 MP: 1/5
  1213 | D:2      | Found a burning altar of Makhleb.
  1213 | D:2      | Noticed a green death
  1216 | D:2      | Noticed a ynoxinul
  1216 | D:2      | Noticed an orange demon
  1482 | D:2      | Reached XP level 3. HP: 19/21 MP: 2/6
  1876 | D:3      | Reached skill level 4 in Air Magic
  1997 | D:3      | Reached XP level 4. HP: 24/27 MP: 5/7
  2021 | D:3      | Noticed a water moccasin
  2034 | D:3      | Slain by a water moccasin

Illustrated notes

Levels and vault maps discovered:
D:1:      matt_arrival_refuge, layout_loops_ring, minmay_misc_feat_pillars,
          chequers_serial_rivers_micro_e, minmay_misc_feat_columns
D:2:      layout_loops_ring, serial_bayou_ford_a, hangedman_decor_opposing,
          makhleb_altar_promises_db
D:3:      layout_loops_ring, lemuel_doored_altar

Skill      XL: |  1  2  3 |
---------------+----------+-----
Air Magic      | 4 |  4.3
Dodging        | |  2.0
Stealth        | |  2.6
Spellcasting   | |  2.4
Conjurations   | |  1.5

Action                   |  1- 3 |  4- 6 || total
-------------------------+-------+-------++-------
Melee: Dagger            |    32 |     3 ||    35
       Unarmed           |     5 |       ||     5
       Tentacles         |     5 |       ||     5
       Constrict         |     9 |       ||     9
 Cast: Shock             |    38 |     6 ||    44
  Use: Potion            |       |     2 ||     2
 Stab: Sleeping          |     1 |       ||     1
  Eat: Chunk             |     4 |       ||     4
Armor: Skin              |     2 |       ||     2
Dodge: Dodged            |    20 |     2 ||    22
